 Dungeon Crawl Stone Soup version bcrawl-1.13.5 (webtiles) character file.

Game seed: 10124327584721106946

131 Felnil the Skirmisher (level 4, 0/32 HPs)
             Began as a Skeleton Fighter on Aug 20, 2019.
             Was an Initiate of Ru.
             Killed from afar by Sigmund (4 damage)
             ... with a magic dart
             ... on level 3 of the Dungeon.
             The game lasted 00:08:22 (3509 turns).

Felnil the Skirmisher (Skeleton Fighter)            Turns: 3509, Time: 00:08:23

Health: 0/32       AC:  9    Str: 21 (24) XL:     4   Next: 91%
Magic:  0/4        EV:  8    Int:  6      God:    Ru [......]
Gold:   116        SH:  9    Dex:  8      Spells: 3/3 levels left

rFire    . . .     SeeInvis .   a - +0 war axe
rCold    + . .     Gourm    .   c - +0 shield
rNeg     + + +     Faith    .   b - +0 scale mail
rPois    ∞         Spirit   +   (no helmet)
rElec    .         Reflect  .   (no cloak)
rCorr    .         Harm     .   l - +1 pair of gloves
MR       .....                  (no boots)
Stlth    ..........             (no amulet)
HPRegen  0.10/turn              g - ring of poison resistance
MPRegen  0.09/turn              (no ring)

@: no status effects
A: no food or potions, cold resistance 1, deterioration 1, negative energy
resistance 3, torment resistance, unbreathing, magic shield, sturdy frame 1,
spell healing
a: Renounce Religion


You were on level 3 of the Dungeon.
You worshipped Ru.
Ru was noncommittal.
You were not hungry.

You visited 1 branch of the dungeon, and saw 3 of its levels.

You collected 116 gold pieces.

Inventory:

Hand Weapons
 a - a +0 war axe (weapon)
 m - a +4 dagger
Missiles
 d - 57 tomahawks (quivered)
Armour
 b - a +0 scale mail (worn)
 c - a +0 shield (worn)
 l - a +1 pair of gloves (worn)
Jewellery
 g - a ring of poison resistance (left hand)
Scrolls
 e - 2 scrolls of noise {unknown}
 f - a scroll of blinking {unknown}
 h - 3 scrolls of teleportation {unknown}
 i - 2 scrolls of enchant armour {unknown}
 j - a scroll of identify {unknown}
 k - a scroll of amnesia {unknown}


   Skills:
 + Level 5.7 Fighting
 - Level 2.4 Axes
 - Level 3.2 Armour
 - Level 3.6 Shields


You had 3 spell levels left.
You didn't know any spells.
Your spell library was empty.

Dungeon Overview and Level Annotations

Branches:
Dungeon (3/12)

Altars:
Ru
Sif Muna
Yredelemnul

Annotations:
D:3 Sigmund


Innate Abilities, Weirdness & Mutations

You do not eat or drink.
You are immune to poison.
Your flesh is cold resistant. (rC+)
Your body sometimes deteriorates upon taking damage.
You are immune to negative energy. (rN+++)
You are immune to unholy pain and torment.
You can survive without breathing.
When hurt, damage is shared between your health and your magic reserves.
Your movements are slightly less encumbered by armour. (ER -2)
Casting spells heals you.


Message History

Items here: ( )) † a +0 dagger; 2 stones; a +0 club; a giant cockroach corpse You block something's attack.
Something hits you!
* * * LOW HITPOINT WARNING * * *
You are confused.
You're too confused to move!
You bump into the rock wall.
You bump into the rock wall.
You bump into the rock wall.
You feel less confused.
Sigmund appears from thin air!
Reactivating autopickup.
Sigmund casts a spell.
Sigmund flickers and vanishes!
Deactivating autopickup; reactivate with Ctrl-A.
There is a stone staircase leading up here.
A magic dart appears from out of thin air!
The magic dart hits you!
You die...

###### .....# ####.# #.#
########### ### #.#
#.........# #..
##^####.#######.# #.#
#.......# #.# #.#
#..############.##########.##
#..# #......@.............###
###..#
##.######.##########.....
.....####...#####..# #.####
................##.# #.#
...#.####...###.##.# #.####
.....).....## #.##.# #.....
...#.####### #.##.# ######
...#.####### #(.#.#
.###...)...# #....#


There were no monsters in sight!

Vanquished Creatures
  6 adders
  3 worms
  A dart slug (D:2)
  5 leopard geckos
  6 bats (D:1)
  4 giant cockroaches
  4 goblins
  12 hobgoblins
  3 jackals (D:1)
  12 kobolds
  A ball python skeleton (D:3)
  2 frilled lizards
59 creatures vanquished.

Notes
Turn   | Place    | Note
-------+----------+-------------------------------------------
     0 | D:1      | Felnil the Skeleton Fighter began the quest for the Orb.
     0 | D:1      | Reached XP level 1. HP: 14/14 MP: 1/1
   610 | D:1      | Reached XP level 2. HP: 18/19 MP: 2/2
   839 | D:1      | Reached skill level 4 in Fighting
   922 | D:1      | Reached XP level 3. HP: 22/24 MP: 3/3
  1128 | D:2      | Found a sacrificial altar of Ru.
  1136 | D:2      | Became a worshipper of Ru the Awakened
  1598 | D:2      | Found a basalt altar of Yredelemnul.
  1988 | D:2      | Found a shimmering blue altar of Sif Muna.
  2129 | D:3      | Reached XP level 4. HP: 28/30 MP: 2/4
  2174 | D:3      | Noticed Sigmund
  2365 | D:3      | Reached skill level 5 in Fighting
  3473 | D:3      | HP: 1/32 [something (6)]
  3509 | D:3      | Killed from afar by Sigmund

Skill      XL: |  1  2  3  4 |
---------------+-------------+-----
Fighting       | 4 5 |  5.7
Axes           | |  2.4
Armour         | |  3.2
Shields        | |  3.6

Action                   |  1- 3 |  4- 6 || total
-------------------------+-------+-------++-------
Melee: War axe           |   137 |    92 ||   229
Throw: Tomahawk          |       |     3 ||     3
Armor: Scale mail        |    51 |    49 ||   100
Dodge: Dodged            |    45 |    35 ||    80
Block: Shield            |    74 |    50 ||   124
